Match 42200165
Unlisted

Match 42200165
End
Construct Infanterie Kompanie
Selects Italian Coastal Battlegroup
Selects Coastal Reserves
Coastal Reserve
MG 42 Machine Gun Team
Coastal Reserve
MG 42 Bunker
Construct Luftwaffe Kompanie
Coastal Reserve
MG 42 Bunker
Selects Support Bunkers
Support Elements
Jäger Squad
Jäger Squad
Selects Rapid Fortifications
Selects Call the Reserves!
Wirbelwind Flakpanzer
Rapid Fortifications
MG 42 Bunker
Medical Bunker
Rapid Fortifications
Selects Artillery Officer
Repair Bunker
Construct Panzer Kompanie
Jäger Squad
Selects Coastal Wall
Rapid Fortifications
Anti-tank Bunker
Panzer IV Medium Tank
KoalaImpala
Elder-Gyattson
Barbarossa
Tanith's Finest
Chief Wild
MoON 🌙 I love my
Vivian
sachok931
0
0

Comments sign in to comment!

No comments posted yet!